 Dungeon Crawl Stone Soup version 0.19-a0-1097-g38e3b35 (webtiles) character file.

504 epen the Insei (level 7, -2/49 HPs)
             Began as an Octopode Monk on Aug 8, 2016.
             Killed from afar by an orc wizard (16 damage)
             ... with a wand of acid
             ... on level 4 of the Dungeon.
             The game lasted 00:03:32 (2897 turns).

epen the Insei (Octopode Monk)                      Turns: 2897, Time: 00:03:33

Health: -2/49      AC:  1    Str: 11    XL:     7   Next: 17%
Magic:  7/7        EV: 16    Int: 12    God:
Gold:   63         SH:  0    Dex: 16    Spells: 0 memorised, 6 levels left

rFire  . . .     SeeInvis .       - Unarmed
rCold  . . .     Gourm    .     (no shield)
rNeg   . . .     Faith    .     (helmet restricted)
rPois  .         Spirit   .     c - amulet of regeneration
rElec  .         Dismiss  .     (no ring)
rCorr  .         Reflect  .     (no ring)
SustAt .         Harm     .     (no ring)
MR     .....                    (no ring)
Stlth  +++.......               (no ring)
                                (no ring)
                                (no ring)
                                (no ring)

@:
A: almost no armour, amphibious, 8 rings, constrict 8, camouflage 1, gelatinous
body 1
a: no special abilities


You were on level 4 of the Dungeon.
You were not hungry.

You visited 1 branch of the dungeon, and saw 4 of its levels.

You collected 63 gold pieces.

Inventory:

Jewellery
 c - an amulet of regeneration (around mantle)
Wands
 j - a wand of digging (13/24)
Scrolls
 e - a scroll of amnesia {unknown}
 f - a scroll of identify {unknown}
 l - 2 scrolls of magic mapping {unknown}
 m - a scroll of immolation {unknown}
Potions
 b - a potion of curing {unknown}
 i - a potion of lignification {unknown}
 n - a potion of resistance {unknown}
 p - a potion of might {unknown}
Comestibles
 a - 3 bread rations
 g - 4 meat rations
 k - 6 chunks of flesh
 o - 2 beef jerkies


   Skills:
 + Level 4.4 Fighting
 + Level 4.8 Dodging
 - Level 2.6 Stealth
 * Level 6.0 Unarmed Combat


You had 6 spell levels left.
You didn't know any spells.

Dungeon Overview and Level Annotations

Branches:
Dungeon (4/15)
 Temple: D:4-7

Altars:


Innate Abilities, Weirdness & Mutations

You cannot wear most types of armour.
You are amphibious.
You can wear up to eight rings at the same time.
You can use your tentacles to constrict eight enemies at once.
Your skin changes colour to match your surroundings (Stealth+).
Your rubbery body absorbs attacks. (AC +1, EV +1)


Message History

* * * LOW HITPOINT WARNING * * *
It is a wand of acid.
You are too injured to fight recklessly!
Unknown command.
You are too injured to fight recklessly!
You are too injured to fight recklessly!
Unknown command.
It was a potion of flight.
You feel very buoyant.
You fly up into the air.
Unknown command.
It was a potion of cancellation.
Your magical effects are unravelling.
You feel magically purged.
You float gracefully downwards.
You are no longer corroded.
The orc closely misses you.
The orc wizard zaps a wand.
The bolt of acid hits the orc.
The acid corrodes the orc!
The orc dies!
The bolt of acid hits you!
You die...

## ### .. . ..# .. .#
#.##$ ##########.##
#... ........... ...
#.....# #.# #.....+
###.# # #(....####o)@#
#.#####......$###
#>.....).......o.....
#...............o..##.
#..........##########.
#.......##.# #........
#.......##.###.#######
#.......##....<#....)#
#...........##....##.#


You could see an orc wizard.

Vanquished Creatures
  2 ogres (D:4)
  An orc priest (D:4)
  Ijyb (D:3)
  An orc wizard (D:3)
  2 worker ants (D:4)
  Robin (D:3)
  9 adders
  2 worms
  2 giant geckos
  8 orcs
  A ball python (D:1)
  5 giant cockroaches
  12 goblins
  9 hobgoblins
  13 jackals
  8 kobolds
  4 quokkas
  8 bats
  3 giant newts
  7 rats
  A plant (D:2)
100 creatures vanquished.

Vanquished Creatures (others)
  An orc (D:4)
1 creature vanquished.

Grand Total: 101 creatures vanquished

Notes
Turn   | Place    | Note
-------+----------+-------------------------------------------
     0 | D:1      | epen the Octopode Monk began the quest for the Orb.
     0 | D:1      | Reached XP level 1. HP: 16/16 MP: 1/1
   363 | D:1      | Reached XP level 2. HP: 21/21 MP: 2/2
  1110 | D:2      | Reached XP level 3. HP: 26/26 MP: 3/3
  1185 | D:2      | Reached skill level 4 in Unarmed Combat
  1194 | D:2      | Reached XP level 4. HP: 12/31 MP: 4/4
  2075 | D:3      | Reached XP level 5. HP: 34/36 MP: 5/5
  2116 | D:3      | Noticed Ijyb
  2122 | D:3      | Killed Ijyb
  2242 | D:3      | Reached skill level 5 in Unarmed Combat
  2504 | D:3      | Noticed Robin
  2511 | D:3      | Reached XP level 6. HP: 43/43 MP: 6/6
  2517 | D:3      | Killed Robin
  2856 | D:4      | Reached skill level 6 in Unarmed Combat
  2856 | D:4      | Reached XP level 7. HP: 49/49 MP: 7/7
  2897 | D:4      | Killed from afar by an orc wizard

Vault maps used:
D:1:      dpeg_arrival_radiant, serial_corexii_hall, corexii_hall_statues_i,
          corexii_hall_statues_x, corexii_hall_statues_u,
          corexii_hall_statues_l, corexii_hall_statues_u, corexii_hall_statues_l
D:2:      serial_bayou_lake_a
D:3:      uniq_robin, uniq_iyjb
D:4:      first_bread, uniq_eustachio

Skill      XL: |  1  2  3  4  5  6 |
---------------+-------------------+-----
Unarmed Combat | 4 5 6 |  6.0
Dodging        | 4 |  4.8
Fighting       | 4 |  4.4
Stealth        | |  2.6

Action                   |  1- 3 |  4- 6 |  7- 9 || total
-------------------------+-------+-------+-------++-------
Melee: Unarmed           |    68 |   160 |    13 ||   241
       Constrict         |    16 |    41 |     2 ||    59
       Tentacles         |    15 |    34 |     4 ||    53
       Punch             |     1 |     9 |     3 ||    13
  Use: Potion            |       |       |     2 ||     2
 Stab: Sleeping          |     8 |    12 |       ||    20
       Distracted        |       |     1 |       ||     1
  Eat: Chunk             |     1 |     5 |       ||     6
Armor: Skin              |     3 |     9 |       ||    12
Dodge: Dodged            |    38 |    74 |     5 ||   117
